[Event "Early-Titled-Tuesday-Blitz-October-10-2023"]
[Site "Chess.com"]
[Date "2023.10.10"]
[Round "1"]
[White "vishwa_vijeta"]
[Black "FMStan15"]
[Result "1-0"]
[WhiteElo "2551"]
[BlackElo "2112"]
[TimeControl "180+1"]
[EndTime "8:06:23 PDT"]
[Termination "vishwa_vijeta won on time"]

1. e4 e6 2. d4 d5 3. Nd2 Nf6 4. exd5 exd5 5. Ngf3 Bd6 6. Bd3 Qe7+ 7. Be2 O-O 8. O-O Ne4 9. Re1 Nd7 10. c4 c6 11.
cxd5 cxd5 12. Bc4 dxc4 13. Nxe4 Nb6 14. Bg5 f6 15. Nxf6+ Rxf6 16. Rxe7 Bxe7 17. Bxf6 Bxf6 18. Ne5 Be6 19. Ng4 Bg5 20. Qe2 Re8 21. Ne3 Bf7 22. h3 Nd5 23. Qg4 Bxe3 24. fxe3 Nxe3 25. Qg3 Nf5 26. Qf2 Bg6 27. Re1 Rd8 28. Re4 Nd6 29.
Re7 Rf8 30. Qe1 Nf5 31. Qe6+ Kh8 32. Rxb7 Nxd4 33. Qe5 Nf5 34. g4 Re8 35. Qc3 Ne7 36. Qe5 1-0

[Event "Early-Titled-Tuesday-Blitz-October-10-2023"]
[Site "Chess.com"]
[Date "2023.10.10"]
[Round "1"]
[White "Ural_bogatyr"]
[Black "Gyulamiryan-koryun"]
[Result "1-0"]
[WhiteElo "2534"]
[BlackElo "2016"]
[TimeControl "180+1"]
[EndTime "8:06:23 PDT"]
[Termination "Ural_bogatyr won on time"]

1. d4 Nf6 2. Nc3 g6 3. e4 d6 4. Nf3 Bg7 5. Be3 O-O 6. Qd2 Re8 7. h4 Ng4 8. Bg5 h6 9. Bf4 e5 10. Bg3 Nc6 11. dxe5 dxe5 12. Nd5 Ne7 13. O-O-O Nxd5 14.
exd5 Bf5 15. h5 g5 16. Bb5 Re7 17. Rhe1 a6 18. Ba4 Rc8 19. c3 b5 20. Bc2 Bxc2 21. Qxc2 Qd6 22. Qf5 Qd7 23. Qxd7 Rxd7 24. Nxe5 Bxe5 25.
Bxe5 Nxf2 26. Rd4 c5 27. Rd2 Ng4 28. Bg3 Rcd8 29. d6 f5 30. Re6 f4 31. Be1 1-0

[Event "Early-Titled-Tuesday-Blitz-October-10-2023"]
[Site "Chess.com"]
[Date "2023.10.10"]
[Round "1"]
[White "Djager97"]
[Black "Larina_Maria"]
[Result "1-0"]
[WhiteElo "2585"]
[BlackElo "2225"]
[TimeControl "180+1"]
[EndTime "8:06:24 PDT"]
[Termination "Djager97 won by resignation"]

1. e4 c6 2. d4 d5 3. exd5 cxd5 4. Bd3 Nc6 5. c3 e5 6. dxe5 Nxe5 7. Nf3 Nxd3+ 8. Qxd3 Bd6 9. O-O Ne7 10. Nbd2 O-O 11. Nd4 a6 12. N2f3 Re8 13. Bg5 f6 14. Bh4 Ng6 15. Bg3 Nf4 16. Qd2 Qc7 17. Rae1 Bd7 18. Nh4 g6 19. Nhf3 Kg7 20. Bxf4 Bxf4 21. Qd3 Qc4 22.
Qb1 b5 23. a3 a5 24. g3 Bd6 25.
Rxe8 Rxe8 26. Re1 Rxe1+ 27. Qxe1 Qc8 28. b4 axb4 29. axb4 Qd8 30. Ne6+ Bxe6 31. Qxe6 Be7 32. Nd4 Qe8 33. Qxd5 Bd8 34. Ne6+ Kh8 35. Qxd8 1-0

[Event "Early-Titled-Tuesday-Blitz-October-10-2023"]
[Site "Chess.com"]
[Date "2023.10.10"]
[Round "1"]
[White "DawidCzerw"]
[Black "Dannyyi"]
[Result "1-0"]
[WhiteElo "2537"]
[BlackElo "2031"]
[TimeControl "180+1"]
[EndTime "8:06:24 PDT"]
[Termination "DawidCzerw won by resignation"]

1. e4 e5 2. Nf3 Nc6 3. Bb5 a6 4. Ba4 Nf6 5. d4 Nxe4 6. d5 Nc5 7. Bb3 Ne7 8. Nxe5 d6 9. Nf3 Ng6 10. O-O Be7 11. Nd4 Nxb3 12. axb3 O-O 13. f4 Bf6 14. c4 Re8 15. Nc3 Bd7 16. h3 Bh4 17. Qf3 Qf6 18. Be3 Rxe3 19. Qxe3 Re8 20. Qd2 Bg3 21.
Nce2 Qh4 22. Rf3 Nxf4 23. Nxf4 Be1 24. Rxe1 Rxe1+ 25. Kh2 Re4 26. Nde2 Bg4 27. Re3 Rxe3 28. Qxe3 g5 29. Nd3 Bh5 30. g3 1-0

[Event "Early-Titled-Tuesday-Blitz-October-10-2023"]
[Site "Chess.com"]
[Date "2023.10.10"]
[Round "1"]
[White "Rikikits"]
[Black "Juicy_Fork"]
[Result "1-0"]
[WhiteElo "2825"]
[BlackElo "2459"]
[TimeControl "180+1"]
[EndTime "8:06:25 PDT"]
[Termination "Rikikits won on time"]

1. d4 Nf6 2. c4 g6 3. f3 Bg7 4. e4 d6 5. Be3 O-O 6. Ne2 c5 7. d5 b5 8. cxb5 a6 9. Nec3 axb5 10. Bxb5 Ba6 11. O-O Bxb5 12. Nxb5 Qb6 13. N1c3 Na6 14. a4 Nc7 15. b4 Nxb5 16. Nxb5 Nd7 17. Rb1 Rfb8 18.
h4 h5 19. Qc2 Bd4 20. Nxd4 cxd4 21. Bf2 Qa6 22. a5 d3 23. Qd2 Ne5 24. Rfc1 Qb5 25.
Bd4 Rc8 26. Kh2 Rxc1 27. Rxc1 Rb8 28. Rc3 Qxb4 29. Bxe5 dxe5 30. Rxd3 Qxd2 31. Rxd2 Ra8 32. Ra2 Ra6 33. g3 Kf8 34. f4 exf4 35. gxf4 Ke8 36.
e5 Kd7 37. Kg3 f6 38. Kf3 fxe5 39. fxe5 e6 40. d6 Kc6 41. Kf4 Ra8 42. a6 Kd5 43.
a7 Rf8+ 44. Kg5 Ra8 45. Kxg6 Kc6 46. Kxh5 Kd7 47. Kg5 1-0

[Event "Early-Titled-Tuesday-Blitz-October-10-2023"]
[Site "Chess.com"]
[Date "2023.10.10"]
[Round "1"]
[White "invisible_s0ul"]
[Black "Doomfist26"]
[Result "0-1"]
[WhiteElo "2289"]
[BlackElo "2604"]
[TimeControl "180+1"]
[EndTime "8:06:25 PDT"]
[Termination "Doomfist26 won by resignation"]

1. e4 e6 2. d4 d5 3. Nc3 Nf6 4. e5 Nfd7 5. f4 c5 6. Nf3 Nc6 7. Be3 a6 8. Qd2 b5 9. dxc5 Bxc5 10. Qf2 Qb6 11. Bxc5 Nxc5 12. Bd3 b4 13. Ne2 a5 14.
O-O Rb8 15. Ned4 Nxd4 16. Nxd4 Nxd3 17. cxd3 O-O 18. Rac1 Ba6 19. Nc6 Qxf2+ 20. Kxf2 Rb6 21. Ke3 h5 22. Rc5 Bb5 23. Rfc1 Ra8 24. Kd4 b3 25. a3 Kf8 26. R1c3 Raa6 27. Nxa5 Rxa5 28. Rxb3 Rb7 29.
a4 Rxa4+ 30. Ke3 d4+ 31. Ke4 Bc6+ 32. Rxc6 Rxb3 0-1

[Event "Early-Titled-Tuesday-Blitz-October-10-2023"]
[Site "Chess.com"]
[Date "2023.10.10"]
[Round "1"]
[White "hawes33"]
[Black "Iskusnyh"]
[Result "1/2-1/2"]
[WhiteElo "2283"]
[BlackElo "2589"]
[TimeControl "180+1"]
[EndTime "8:06:25 PDT"]
[Termination "Game drawn - insufficient material"]

1. e4 e6 2. d4 d5 3. Nc3 Nf6 4. Bg5 dxe4 5. Nxe4 Nbd7 6. Bd3 Be7 7. Nxf6+ Bxf6 8. Bxf6 Qxf6 9. Nf3 c5 10. dxc5 Nxc5 11. Bb5+ Ke7 12. c3 Rd8 13. Qe2 a6 14. Qe3 b6 15.
Be2 Bb7 16. O-O Rd5 17. Rfd1 Rad8 18. Rxd5 Rxd5 19. b4 Na4 20. Rd1 Qxc3 21. Rxd5 Qxe3 22. fxe3 Bxd5 23. Bxa6 Bxa2 24. Nd4 Bd5 25. Bd3 g6 26.
Kf2 Nc3 27. g3 e5 28. Ne2 Nd1+ 29. Ke1 Nxe3 30. Kd2 Nf1+ 31. Kc3 Nxh2 32. Kd2 Nf3+ 33. Ke3 Ng5 34. Nc3 Bc6 35. b5 Bd7 36. Nd5+ Kd6 37. Nxb6 Kc5 38. Nxd7+ Kd6 39. Nf6 h5 40. Ne4+ Nxe4 41.
Kxe4 f5+ 42. Ke3 Kc5 43. Be2 g5 44. Bxh5 f4+ 45. gxf4 exf4+ 46. Kf3 Kxb5 47. Bg6 Kc5 48. Kg4 Kd4 49. Kxg5 f3 50. Bh5 Ke3 51. Bxf3 1/2-1/2

[Event "Early-Titled-Tuesday-Blitz-October-10-2023"]
[Site "Chess.com"]
[Date "2023.10.10"]
[Round "1"]
[White "Ariadna_Atreides"]
[Black "JSlaby"]
[Result "0-1"]
[WhiteElo "2196"]
[BlackElo "2576"]
[TimeControl "180+1"]
[EndTime "8:06:26 PDT"]
[Termination "JSlaby won on time"]

1. d4 Nf6 2. Nf3 d6 3. b3 g6 4.
Bb2 Bg7 5. e3 O-O 6. Be2 c5 7. O-O Nc6 8. d5 Nb4 9. c4 e6 10. a3 Na6 11. dxe6 Bxe6 12. Nc3 Nc7 13. Qc2 d5 14. Rfd1 Qe7 15. cxd5 Ncxd5 16. Nxd5 Nxd5 17. Bxg7 Kxg7 18. Rac1 Rac8 19. Bc4 Rfd8 20. Qb2+ Qf6 21. Qxf6+ Kxf6 22. h4 h6 23. g3 b6 24. Kg2 Nc7 25. Nd2 Ke7 26. e4 h5 27. f4 Bxc4 28. Nxc4 Ne6 29.
Ne3 Nd4 30. Nd5+ Kd6 31. b4 f5 32. bxc5+ bxc5 33. Nc3 Ke6 34. exf5+ gxf5 35. Re1+ Kf6 36.
Kf2 Rb8 37. Rb1 c4 38. Rxb8 Rxb8 39. Nd5+ Kf7 40. Re7+ Kf8 41. Rxa7 Rc8 42. Ke3 Nb5 0-1

[Event "Early-Titled-Tuesday-Blitz-October-10-2023"]
[Site "Chess.com"]
[Date "2023.10.10"]
[Round "1"]
[White "Flaccidmoves"]
[Black "Elprofessor21"]
[Result "0-1"]
[WhiteElo "2446"]
[BlackElo "2777"]
[TimeControl "180+1"]
[EndTime "8:06:28 PDT"]
[Termination "Elprofessor21 won by resignation"]

1. c4 d6 2. Nc3 c5 3. g3 Nc6 4. Bg2 Nf6 5. Nf3 e5 6. O-O Be7 7. d3 O-O 8. a3 a6 9. Rb1 Rb8 10.
b4 cxb4 11. axb4 b5 12. cxb5 axb5 13. Bg5 Be6 14. Nd2 d5 15. Bxf6 Bxf6 16. e4 dxe4 17.
dxe4 Nd4 18. Nd5 g6 19. Nb3 Bg7 20. Nxd4 exd4 21. Nf4 Bc4 22. Nd3 Kh8 23. Re1 f5 24. exf5 Rxf5 25. Rb2 Qf8 26. f4 Rd8 27. Rbe2 Bxd3 28.
Qxd3 Qxb4 29. Re8+ Rf8 30. Rxd8 Qxe1+ 0-1

[Event "Early-Titled-Tuesday-Blitz-October-10-2023"]
[Site "Chess.com"]
[Date "2023.10.10"]
[Round "1"]
[White "frederiksvane"]
[Black "ElDivis"]
[Result "1-0"]
[WhiteElo "2882"]
[BlackElo "2491"]
[TimeControl "180+1"]
[EndTime "8:06:30 PDT"]
[Termination "frederiksvane won by resignation"]

1. c4 Nf6 2. Nc3 g6 3. e4 d6 4. d4 Bg7 5. Be2 O-O 6. Be3 a6 7. Nf3 e5 8. O-O Ng4 9. Bg5 f6 10. Bh4 Nc6 11. Bg3 exd4 12. Nxd4 Nxd4 13. Qxd4 Ne5 14.
Rad1 Be6 15. f4 Nc6 16. Qe3 Qe7 17. Nd5 Bxd5 18. cxd5 Nb8 19. Bf3 Nd7 20. Rc1 Nc5 21. b4 Na4 22. Qb3 Nb6 23. Rfe1 a5 24. bxa5 Rxa5 25. Rc2 Rfa8 26. Rec1 Ra3 27. Rxc7 Rxb3 28. Rxe7 Rxa2 29. h4 Rbb2 30. Rcc7 Bf8 31. Re8 Na4 1-0

[Event "Early-Titled-Tuesday-Blitz-October-10-2023"]
[Site "Chess.com"]
[Date "2023.10.10"]
[Round "1"]
[White "crosky"]
[Black "Hilary46"]
[Result "0-1"]
[WhiteElo "2372"]
[BlackElo "2659"]
[TimeControl "180+1"]
[EndTime "8:06:31 PDT"]
[Termination "Hilary46 won by resignation"]

1. c4 e6 2. Nc3 d5 3. d4 c6 4.
e3 Nf6 5. Nf3 Nbd7 6. Qc2 Bd6 7.
g4 Bb4 8. Bd2 O-O 9. g5 Bxc3 10.
Bxc3 Ne4 11. Bd3 f5 12. gxf6 Qxf6 13. Bxe4 dxe4 14. Ne5 Nxe5 15. dxe5 Qf3 16. Rg1 Bd7 17.
Qe2 Qxe2+ 18. Kxe2 Be8 19. Bb4 Bh5+ 20. Ke1 Rf5 21.
Bd6 Rd8 22. c5 Rd7 23. b4 Rdf7 24. Rg2 Bf3 25. Rg3 Rh5 26. h3 Rff5 27. Kd2 Rfg5 28. Rag1 Rxg3 29. Rxg3 Rf5 30. a4 a6 31. a5 Kf7 32. Rg1 g5 33. Rg3 h5 34. Ke1 h4 35.
Rg1 Kg6 36. Kd2 Kh5 37. Be7 g4 38. hxg4+ Bxg4 39. Rh1 h3 40. Ke1 Rxe5 41. f4 exf3 42. Kf2 Rd5 43. Kg3 Rd2 44. Kf4 Rg2 45. e4 f2 46. Bg5 Rg1 47. Rxh3+ Bxh3 0-1

[Event "Early-Titled-Tuesday-Blitz-October-10-2023"]
[Site "Chess.com"]
[Date "2023.10.10"]
[Round "1"]
[White "subham777"]
[Black "shimastream"]
[Result "0-1"]
[WhiteElo "2510"]
[BlackElo "2977"]
[TimeControl "180+1"]
[EndTime "8:06:34 PDT"]
[Termination "shimastream won by resignation"]

1. e4 e5 2. Nf3 Qe7 3. Nc3 c6 4. Be2 Nf6 5. O-O d6 6. Re1 h6 7.
d4 g5 8. Be3 Bg7 9. h3 Nbd7 10.
Qd2 Nf8 11. Rad1 Ng6 12. dxe5 dxe5 13. Bc5 Qc7 14. Bd6 Qb6 15. Bc5 Qc7 16. Bd6 Qd8 17. Nxe5 Nxe5 18. Bxe5 Qxd2 19. Rxd2 O-O 20. Bc4 Re8 21.
Bh2 b5 22. Bb3 a5 23. a4 b4 24. Nb1 Nxe4 25. Rde2 Bf5 26. Nd2 Nf6 27. Rxe8+ Nxe8 28. Re7 Bg6 29. Nf3 Kf8 30. Rb7 Rd8 31. Be5 Nf6 32. Bc7 Rd1+ 33. Kh2 Ne4 34. Bxa5 Nxf2 35. Rb8+ Ke7 36.
Bxb4+ Kd7 37. Rb7+ Kc8 38. Re7 Rh1+ 39. Kg3 Ne4+ 40. Rxe4 Bxe4 41. Bxf7 Bxc2 42. a5 Bd3 43. Be6+ Kb7 44. Bc3 Bxc3 45. bxc3 Rc1 46. Ne5 Rxc3 47. Nxd3 Rxd3+ 48. Kg4 Rd6 49. Bf7 c5 50. Kf5 Ka6 51. Bc4+ Kxa5 52. g3 0-1

[Event "Early-Titled-Tuesday-Blitz-October-10-2023"]
[Site "Chess.com"]
[Date "2023.10.10"]
[Round "1"]
[White "a-z30"]
[Black "Fandorine"]
[Result "0-1"]
[WhiteElo "2503"]
[BlackElo "2929"]
[TimeControl "180+1"]
[EndTime "8:06:34 PDT"]
[Termination "Fandorine won by resignation"]

1. d3 g6 2. Nf3 Bg7 3. g3 d6 4. Bg2 c5 5. O-O Nc6 6. c4 Nf6 7. Nc3 O-O 8. Qd2 b6 9. b3 Bb7 10. Bb2 a6 11. e3 Rc8 12. Rfd1 e6 13. d4 Qe7 14. d5 exd5 15. Nxd5 Nxd5 16. Bxg7 Kxg7 17.
cxd5 Nb8 18. Qc3+ Kg8 19. Nd2 Nd7 20. e4 b5 21. a4 b4 22. Qb2 a5 23. Nc4 Ra8 24.
Bh3 Nf6 25. Nxd6 Nxe4 26. Nxe4 Qxe4 27. Bg2 Qf5 28. Rac1 Rac8 29. Qc2 Qxc2 30. Rxc2 Rfd8 31. Rdc1 Bxd5 32. Rxc5 Rxc5 33. Rxc5 Bxb3 34. Bc6 Rc8 35. f4 Bxa4 0-1

[Event "Early-Titled-Tuesday-Blitz-October-10-2023"]
[Site "Chess.com"]
[Date "2023.10.10"]
[Round "1"]
[White "MikeSailer"]
[Black "mortngabriel"]
[Result "1-0"]
[WhiteElo "2128"]
[BlackElo "2533"]
[TimeControl "180+1"]
[EndTime "8:06:35 PDT"]
[Termination "MikeSailer won by checkmate"]

1. d4 Nf6 2. Bg5 d5 3. Bxf6 gxf6 4. c4 c6 5. Nc3 Bg7 6. e3 O-O 7. Qh5 f5 8. cxd5 cxd5 9. Bd3 Nc6 10. Nge2 e5 11.
dxe5 Nxe5 12. Bxf5 Bxf5 13. Qxf5 Qd6 14. O-O Rfd8 15. Nd4 Nc4 16. b3 Nb6 17. Nce2 Rac8 18. Rac1 a6 19. Nf4 Rxc1 20. Rxc1 Bxd4 21. exd4 a5 22.
Nh5 Qg6 23. Nf6+ Kg7 24. Nh5+ Kg8 25. Qe5 Rc8 26. Rxc8+ Nxc8 27. Qe8# 1-0

[Event "Early-Titled-Tuesday-Blitz-October-10-2023"]
[Site "Chess.com"]
[Date "2023.10.10"]
[Round "1"]
[White "Rosh1610"]
[Black "scarabee43"]
[Result "0-1"]
[WhiteElo "2452"]
[BlackElo "2802"]
[TimeControl "180+1"]
[EndTime "8:06:36 PDT"]
[Termination "scarabee43 won by checkmate"]

1. e4 c5 2. Nf3 e6 3. d4 cxd4 4. Nxd4 Nc6 5. Nc3 Qc7 6. Be3 a6 7. Be2 Nf6 8. O-O Be7 9. f4 d6 10. Bf3 Bd7 11. Qd2 Nxd4 12. Bxd4 O-O 13. e5 dxe5 14.
fxe5 Ne8 15. Rae1 Bc6 16. Ne4 Rd8 17. Qf2 Bxe4 18. Rxe4 Rxd4 19. Rxd4 Bc5 20. c3 Qxe5 21. Bxb7 a5 22. Re1 Qb8 23. Be4 Nf6 24. Bb1 Bxd4 25.
cxd4 Rd8 26. Rd1 Qb4 27. Bc2 h6 28. a3 Qd6 29. h3 Rb8 30. Qd2 Qb6 31. b3 Nd5 32.
Qd3 Nf6 33. Kh1 Rd8 34. Qc3 g6 35. Qe3 Kg7 36. Qe5 Rd5 37. Qe3 e5 38. Qf3 Rxd4 39.
Re1 Qc5 40. Bb1 Qxa3 41. Rf1 Rf4 42. Qd1 Rxf1+ 43. Qxf1 Qxb3 44. Bd3 a4 45. Bc4 Qc2 46. Bb5 a3 47. Qa1 a2 48. Qxe5 Qb1+ 49. Kh2 a1=Q 50.
Qe7 Qxb5 51. h4 Qb8+ 52. Kh3 Qh1# 0-1

[Event "Early-Titled-Tuesday-Blitz-October-10-2023"]
[Site "Chess.com"]
[Date "2023.10.10"]
[Round "1"]
[White "Battever"]
[Black "GMBenjaminBok"]
[Result "0-1"]
[WhiteElo "2512"]
[BlackElo "3012"]
[TimeControl "180+1"]
[EndTime "8:06:37 PDT"]
[Termination "GMBenjaminBok won by resignation"]

1. d4 Nf6 2. Nf3 d5 3. Bg5 c5 4. e3 Nc6 5. Nbd2 cxd4 6. exd4 Qb6 7. Bxf6 exf6 8. Nb3 Bd6 9. Be2 Be6 10. O-O g5 11. Re1 O-O-O 12. a4 Qc7 13. g3 h5 14. Nc5 Bg4 15.
a5 h4 16. Ra3 hxg3 17. fxg3 Bxg3 18. a6 b6 19. Ne5 Bxh2+ 20. Kg2 Bxe2 21. Qxe2 fxe5 22. Qg4+ Kb8 23. Rc3 exd4 24. Rf3 bxc5 25. Qf5 Bf4 26. Kg1 Be3+ 27. Kf1 Rh1+ 28. Ke2 Qh2+ 0-1

[Event "Early-Titled-Tuesday-Blitz-October-10-2023"]
[Site "Chess.com"]
[Date "2023.10.10"]
[Round "1"]
[White "soumeow"]
[Black "FREDERICKtheMATE"]
[Result "1-0"]
[WhiteElo "2313"]
[BlackElo "2583"]
[TimeControl "180+1"]
[EndTime "8:06:37 PDT"]
[Termination "soumeow won by checkmate"]

1. e4 c5 2. Nf3 Nc6 3. d4 cxd4 4. Nxd4 Nf6 5. Nc3 e5 6. Ndb5 d6 7. Bg5 a6 8. Na3 b5 9. Nd5 Be7 10. Bxf6 Bxf6 11. c3 O-O 12. Nc2 Rb8 13. h4 g6 14. h5 Bg5 15. g3 f5 16. hxg6 hxg6 17.
exf5 Bxf5 18. Bg2 Kg7 19. Nce3 Be6 20. Qe2 Qa5 21. f4 Be7 22. O-O Rbe8 23. b4 Qd8 24.
Rad1 exf4 25. Nxf4 Bd7 26. Bxc6 Rxf4 27. Rxf4 Bxc6 28.
Qf2 Rh8 29. Rf7+ Kg8 30. Nd5 Bg5 31. Ra7 Qe8 32. Re1 Qb8 33. Qf7# 1-0

[Event "Early-Titled-Tuesday-Blitz-October-10-2023"]
[Site "Chess.com"]
[Date "2023.10.10"]
[Round "1"]
[White "HajiyevKanan"]
[Black "AleksandrAleksikov"]
[Result "1-0"]
[WhiteElo "2577"]
[BlackElo "2210"]
[TimeControl "180+1"]
[EndTime "8:06:37 PDT"]
[Termination "HajiyevKanan won on time"]

1. d4 Nf6 2. Nf3 g6 3. g3 Bg7 4.
Bg2 O-O 5. O-O c6 6. b3 d5 7.
Bb2 Bf5 8. Nbd2 Ne4 9. c4 Nxd2 10. Qxd2 Be4 11. Rfe1 e6 12. Bh3 h5 13. Ng5 Bf5 14. Bg2 c5 15. cxd5 exd5 16. h4 Nc6 17. dxc5 Bxb2 18. Qxb2 d4 19. Red1 Qa5 20. Bxc6 bxc6 21. b4 Qb5 22. a4 Qb7 23. Rxd4 f6 24.
Ne4 Bxe4 25. Rxe4 Qd7 26. Qd4 Qf5 27. Rd1 Rad8 28. Qxd8 Qxe4 29. Qd3 Re8 30. Qxe4 Rxe4 31.
b5 Rc4 32. b6 axb6 33. cxb6 Rb4 34. a5 Kf7 35. Rd7+ Ke6 36. Ra7 c5 37. b7 c4 38.
Ra6+ Kd5 39. Rb6 c3 40. b8=Q 1-0

[Event "Early-Titled-Tuesday-Blitz-October-10-2023"]
[Site "Chess.com"]
[Date "2023.10.10"]
[Round "1"]
[White "Legendinunknown"]
[Black "kleopl"]
[Result "1-0"]
[WhiteElo "2820"]
[BlackElo "2458"]
[TimeControl "180+1"]
[EndTime "8:06:40 PDT"]
[Termination "Legendinunknown won by resignation"]

1. e4 c5 2. Nf3 d6 3. d4 cxd4 4. Nxd4 Nf6 5. Nc3 a6 6. Qf3 g6 7. h3 Bg7 8. Be3 O-O 9. g4 Nc6 10. O-O-O Bd7 11. Kb1 b5 12. Qg2 b4 13. Nce2 a5 14.
f4 a4 15. Ng3 Qa5 16. e5 Nxd4 17. exf6 Bc6 18. Qf2 Bxf6 19. Bxd4 Bxd4 20. Qxd4 Bxh1 21. Nxh1 b3 22. cxb3 axb3 23. a3 Rfc8 24. Bc4 Qa4 25.
Bd5 Qxd4 26. Rxd4 Rab8 27. Rd3 Rc2 28. Ng3 Rh2 29. Nf1 Rf2 30. Nd2 Rxf4 31. Bxb3 Rc8 32. Ka2 h5 33. gxh5 gxh5 34. a4 Ra8 35. Ka3 Ra6 36.
Bd1 e6 37. b4 d5 38. Bxh5 f5 39. Nf3 Kg7 40. a5 Kf6 41. Ka4 Rd6 42. Kb5 d4 43. a6 e5 44. a7 Rd8 45. Ra3 Rh4 46. Nxh4 1-0

[Event "Early-Titled-Tuesday-Blitz-October-10-2023"]
[Site "Chess.com"]
[Date "2023.10.10"]
[Round "1"]
[White "Ishowmoves57"]
[Black "Likvidator228"]
[Result "0-1"]
[WhiteElo "2179"]
[BlackElo "2569"]
[TimeControl "180+1"]
[EndTime "8:06:41 PDT"]
[Termination "Likvidator228 won by checkmate"]

1. e4 d6 2. d4 Nf6 3. Nc3 Nbd7 4. Nf3 e5 5. dxe5 dxe5 6. Bc4 Bc5 7. O-O h6 8. Qe2 O-O 9. Be3 Bxe3 10. Qxe3 c6 11.
Rad1 Qb6 12. Qxb6 axb6 13. a3 b5 14. Bb3 Re8 15. Rd6 Nc5 16. Re1 Bg4 17. h3 Bxf3 18. gxf3 Kf8 19. Red1 Ke7 20. R6d2 Rec8 21. Ne2 Nh5 22. Ba2 f6 23. b4 Rxa3 24. bxc5 Rxa2 25. Rd7+ Kf8 26. R1d2 Ra7 27. h4 Re8 28. Kg2 Re7 29. Rd8+ Kf7 30. Kh3 Ra4 31. Rb8 Rc4 32. Kg4 g6 33.
Rdd8 Rxc2 34. Rf8+ Ke6 35. Ng3 Nf4 36. Rh8 h5+ 37. Nxh5 gxh5+ 38. Kg3 Rg7+ 39. Kh2 Rxf2+ 40. Kh1 Rf1+ 41. Kh2 Rg2# 0-1

[Event "Early-Titled-Tuesday-Blitz-October-10-2023"]
[Site "Chess.com"]
[Date "2023.10.10"]
[Round "1"]
[White "Rutricks"]
[Black "maracayo"]
[Result "1-0"]
[WhiteElo "2683"]
[BlackElo "2386"]
[TimeControl "180+1"]
[EndTime "8:06:42 PDT"]
[Termination "Rutricks won on time"]

1. Nf3 d6 2. d4 Nf6 3. b3 Nbd7 4. Bb2 c6 5. g3 Qa5+ 6. Nbd2 e5 7. dxe5 dxe5 8. a3 e4 9. Nd4 e3 10. fxe3 Ng4 11.
b4 Qh5 12. Nc4 Nde5 13. Nxe5 Qxe5 14. Nxc6 Qc7 15. Nd4 Nxe3 16. Qd3 Nc4 17. Bc3 a6 18. Bg2 Be7 19. Nc6 bxc6 20. Qxc4 O-O 21. Qxc6 1-0

[Event "Early-Titled-Tuesday-Blitz-October-10-2023"]
[Site "Chess.com"]
[Date "2023.10.10"]
[Round "1"]
[White "FrenchMonster2002"]
[Black "yosephtaher"]
[Result "0-1"]
[WhiteElo "2457"]
[BlackElo "2829"]
[TimeControl "180+1"]
[EndTime "8:06:43 PDT"]
[Termination "yosephtaher won by resignation"]

1. e4 c5 2. Nc3 g6 3. h4 h5 4. d4 cxd4 5. Qxd4 Nf6 6. Bg5 Nc6 7. Qd2 Bg7 8. O-O-O Qa5 9. f3 d6 10. Nge2 Be6 11. Kb1 Nd7 12. Nd5 Qxd2 13. Nc7+ Kd8 14. Nxe6+ fxe6 15. Rxd2 e5 16. Rxd6 Bf6 17. Rd2 Bxg5 18.
hxg5 Ke8 19. g3 Nc5 20. Bg2 Rd8 21. Rxd8+ Kxd8 22. c3 Rf8 23. Rd1+ Kc7 24. Rd2 Ne6 25. Ng1 Nxg5 26. Kc2 b6 27. b4 Nd8 28. a4 Nb7 29. Kb3 Nd6 30. c4 a5 31. c5 bxc5 32. bxc5 Nb7 33. Kc4 Ne6 34. Rd5 Nexc5 35. Rxe5 Kd6 36. f4 Nxa4 37. Rd5+ Kc7 38. e5 Nb6+ 39. Kb5 Nxd5 40. Bxd5 Rd8 41. Kc4 a4 42. Ne2 Na5+ 43. Kc5 Nb3+ 44. Kc4 a3 45. Nc3 Nc1 46. Nb5+ Kb6 47. Nxa3 Ne2 48. Bf7 Rd4+ 49. Kb3 Nxg3 50. Bxg6 Rxf4 51.
Nc4+ Kc5 52. Nd2 h4 53. Kc3 h3 54. Kd3 h2 0-1

[Event "Early-Titled-Tuesday-Blitz-October-10-2023"]
[Site "Chess.com"]
[Date "2023.10.10"]
[Round "1"]
[White "Shiirav"]
[Black "KorolDimitriy75"]
[Result "1-0"]
[WhiteElo "2659"]
[BlackElo "2371"]
[TimeControl "180+1"]
[EndTime "8:06:43 PDT"]
[Termination "Shiirav won by resignation"]

1. d4 Nf6 2. c4 c5 3. d5 b5 4.
cxb5 a6 5. e3 axb5 6. Bxb5 Qa5+ 7. Nc3 Bb7 8. Bd2 Qb6 9. a4 Nxd5 10. Nf3 e6 11. O-O Nb4 12. e4 Be7 13. Bf4 O-O 14. Ne5 d5 15. exd5 exd5 16. Qg4 d4 17. Nc4 Qg6 18.
Qxg6 hxg6 19. Ne2 N8c6 20. Nb6 Rae8 21. Ng3 Nd5 22. Nxd5 Bh4 23. Rfe1 Rd8 24. Bxc6 Bxc6 25. Ne7+ Bxe7 26. Rxe7 Ra8 27. a5 Bd5 28. Re5 Rfd8 29. h4 f6 30. Re7 Bb3 31. h5 g5 32. Bc7 Rd5 33. h6 gxh6 34. Nh5 Rf5 35. g4 Rf3 36. Bb6 d3 37. Rd7 c4 38. Bd4 d2 39. Nxf6+ Rxf6 40.
Bxf6 d1=Q+ 41. Rdxd1 Bxd1 42. Rxd1 Rxa5 43. Bc3 Rc5 44.
Rd6 1-0

[Event "Early-Titled-Tuesday-Blitz-October-10-2023"]
[Site "Chess.com"]
[Date "2023.10.10"]
[Round "1"]
[White "TomLiu777"]
[Black "play1ngtheangel"]
[Result "0-1"]
[WhiteElo "2350"]
[BlackElo "2639"]
[TimeControl "180+1"]
[EndTime "8:06:43 PDT"]
[Termination "play1ngtheangel won on time"]

1. c4 Nf6 2. Nc3 e5 3. Nf3 Nc6 4. e4 Bc5 5. Nxe5 Nxe5 6. d4 Bb4 7. dxe5 Nxe4 8. Qf3 d5 9. Be2 O-O 10. O-O Bxc3 11. bxc3 c6 12. Bd3 f5 13. cxd5 cxd5 14. c4 Be6 15. Ba3 Rf7 16. Rad1 Qa5 17. Bb2 dxc4 18. Bxe4 fxe4 19. Qxe4 c3 20. Bc1 Qxa2 21. f4 Bf5 22. Qe1 Rc8 23. e6 Qxe6 24. Qf2 b5 25. Rfe1 Qc6 26. Qh4 b4 27. g4 Bc2 28. Rd8+ Rxd8 29.
Qxd8+ Rf8 30. Qe7 b3 31. Ba3 Rc8 32. Re6 Qf3 33. Rd6 Qxg4+ 34. Kh1 h6 35. Rd8+ Rxd8 36. Qxd8+ Kh7 37. Qc7 b2 0-1

[Event "Early-Titled-Tuesday-Blitz-October-10-2023"]
[Site "Chess.com"]
[Date "2023.10.10"]
[Round "1"]
[White "Cecile-Haussernot"]
[Black "crazy_but_lazy"]
[Result "0-1"]
[WhiteElo "2307"]
[BlackElo "2622"]
[TimeControl "180+1"]
[EndTime "8:06:43 PDT"]
[Termination "crazy_but_lazy won by resignation"]

1. e4 e5 2. Nf3 Nc6 3. d4 exd4 4. Nxd4 Nf6 5. Nxc6 bxc6 6. e5 Qe7 7. Qe2 Nd5 8. c4 Ba6 9. Nd2 g6 10. g3 Bg7 11. f4 O-O 12. Bg2 f6 13. Qe4 Nb6 14. exf6 Qxf6 15. O-O d5 16. Qc2 Nxc4 17. Nxc4 Bxc4 18.
Rd1 Rfe8 19. Rb1 Re2 20. Rd2 Re1+ 21. Kf2 Rae8 22. Bf3 Rf1+ 23. Kg2 Ree1 24. Be2 Rg1+ 25. Kh3 Bxe2 26. Rxe2 Rxe2 27. Qxe2 Qf5+ 28. g4 Qe4 29. Qf2 Bd4 30. Qh4 Qf3+ 0-1

[Event "Early-Titled-Tuesday-Blitz-October-10-2023"]
[Site "Chess.com"]
[Date "2023.10.10"]
[Round "1"]
[White "SchachmattTV_Tobi"]
[Black "KejJaj"]
[Result "1-0"]
[WhiteElo "2573"]
[BlackElo "2194"]
[TimeControl "180+1"]
[EndTime "8:06:43 PDT"]
[Termination "SchachmattTV_Tobi won by resignation"]

1. d4 f5 2. c4 Nf6 3. Nc3 e6 4.
g3 d5 5. Bg2 c6 6. Nf3 Bd6 7.
O-O O-O 8. Qc2 b6 9. b3 Ne4 10. Bf4 Bxf4 11. gxf4 Bb7 12. Ne5 Nd7 13. Rac1 Nxe5 14.
fxe5 Kh8 15. Nxe4 fxe4 16. f3 exf3 17. Rxf3 Rxf3 18. exf3 Qh4 19. Qf2 Qg5 20. f4 Qg6 21. Qg3 Qh6 22. Qg5 Qxg5 23. fxg5 Rf8 24. cxd5 exd5 25.
Rf1 Kg8 26. Rxf8+ Kxf8 27. Kf2 Bc8 28. b4 Kf7 29. Ke3 Kg6 30. Kf4 h6 31. gxh6 gxh6 32.
Bf3 h5 33. b5 Bd7 34. h4 Be8 35. Bg2 Bd7 36. a3 Kh6 37. e6 Bxe6 38. bxc6 Kg6 39. Ke5 Bc8 40. Bxd5 a6 41. Be6 Bxe6 42. Kxe6 b5 43.
c7 b4 44. c8=Q bxa3 45. Qg8+ Kh6 46. Kf6 1-0